 Dungeon Crawl Stone Soup version 0.30-a0-782-ge64f9170bb (webtiles) character file.

Game seed: 1149037840940622909

156 senseless the Sneak (level 5, 0/37 HPs)
             Began as an Octopode Delver on Feb 24, 2023.
             Succumbed to an adder's poison
             ... in a sewer.
             The game lasted 00:02:06 (248 turns).

senseless the Sneak (Octopode Delver)                Turns: 248, Time: 00:02:07

Health: 0/37       AC:  1    Str: 12    XL:     5   Next: 37%
Magic:  5/5        EV: 14    Int: 12    God:
Gold:   18         SH:  0    Dex: 15    Spells: 4/4 levels left

rFire   . . .      SeeInvis .    a - +0 falchion
rCold   . . .      Faith    .    (no shield)
rNeg    . . .      Spirit   .    (helmet restricted)
rPois   .          Reflect  .    (no amulet)
rElec   .          Harm     .    (no ring)
rCorr   .          Rampage  .    (no ring)
Will    .....                    (no ring)
Stlth   +++++                    (no ring)
HPRegen 0.26/turn                (no ring)
MPRegen 0.09/turn                (no ring)
                                 (no ring)
                                 (no ring)

@: lethally poisoned (0 -> -1), hasted, very quick
A: almost no armour, amphibious, 8 rings, camouflage 1, gelatinous body 1,
(nimble swimmer 1), tentacles
a: no special abilities


You were in a sewer.
You visited 1 branch of the dungeon, and saw 3 of its levels.
You also visited: Sewer.

You collected 18 gold pieces.

Inventory:

Hand Weapons
 a - a +0 falchion (weapon)
Missiles
 g - 5 silver javelins (quivered)
Wands
 f - a wand of digging (3)
Scrolls
 b - a scroll of fog
 d - a scroll of fear
 h - a scroll of blinking {unknown}


   Skills:
 + Level 3.9 Fighting
 + Level 3.1 Long Blades
 + Level 3.1 Dodging
 + Level 7.5 Stealth


You had 4 spell levels left.
You didn't know any spells.
Your spell library was empty.

Dungeon Overview and Level Annotations

Branches:
Dungeon (5/15)              Sewer (1/1)
 Temple: D:4-7

Altars:


Innate Abilities, Weirdness & Mutations

You cannot wear most types of armour.
You are amphibious.
You can wear up to eight rings at the same time.
Your skin changes colour to match your surroundings (Stealth+).
Your rubbery body absorbs attacks. (AC +1, EV +1)
((You are camouflaged when in or above water. (Stealth+)))
You have tentacles for arms and can constrict up to eight enemies at once.


Message History

You hit the river rat but do no damage.
You squeeze the river rat, but do no damage.
The river rat is almost dead.
You constrict the river rat, but do no damage.
The adder closely misses you. The river rat bites you.
* * * LOW HITPOINT WARNING * * *
You hit the river rat but do no damage. You squeeze the river rat.
You kill the river rat!
The adder completely misses you. The adder barely misses you.
You closely miss the adder. Your grab misses the adder. The adder bites you.
* * * LOW HITPOINT WARNING * * *
You are poisoned.
The adder poisons you!
You feel yourself speed up.
You feel sick. The adder closely misses you.
You barely miss the adder. You grab the adder. You constrict the adder.
You feel sick. The adder bites you.
* * * LOW HITPOINT WARNING * * *
You are lethally poisoned!
The adder poisons you!
You slash the adder!
You kill the adder!
* * * LOW HITPOINT WARNING * * *
You feel sick.
* * * LOW HITPOINT WARNING * * *
You feel sick.
There is a lethal amount of poison in your body!
There is a lethal amount of poison in your body!
* * * LOW HITPOINT WARNING * * *
You feel sick.
Found a glowing drain.
* * * LOW HITPOINT WARNING * * *
You feel sick.
* * * LOW HITPOINT WARNING * * *
You feel sick.
* * * LOW HITPOINT WARNING * * *
You feel sick.
There is a glowing drain here.
The world spins around you as you enter the gateway.
You enter a sewer!
You die... ##P #PP

##P# #PP~
#.P######
#....≈≈≈##
#.∩.≈≈≈≈≈#
#.@.≈≈≈#
#...≈≈≈#
PP..≈≈≈≈#
.P....≈≈###
#..P...####
#######


There were no monsters in sight!

Vanquished Creatures
  A black bear (D:5)
  3 adders
  3 river rats (D:3)
  2 worms (D:3)
  A ball python (D:3)
  2 endoplasms (D:3)
  A goblin (D:3)
13 creatures vanquished.

Vanquished Creatures (others)
  5 plants (D:5)
5 creatures vanquished.

Grand Total: 18 creatures vanquished

Notes
Turn   | Place    | Note
-------+----------+-------------------------------------------
     0 | D:5      | senseless the Octopode Delver began the quest for the Orb.
     0 | D:5      | Reached XP level 1. HP: 16/16 MP: 1/1
    45 | D:5      | Noticed a black bear
    75 | D:5      | Killed a black bear
    76 | D:5      | Reached skill level 7 in Stealth
    76 | D:5      | Reached XP level 2. HP: 14/21 MP: 2/2
    76 | D:5      | Reached XP level 3. HP: 17/26 MP: 3/3
    76 | D:5      | Reached XP level 4. HP: 21/32 MP: 4/4
   214 | D:3      | Reached XP level 5. HP: 22/37 MP: 5/5
   243 | D:3      | Found a glowing drain.
   246 | D:3      | HP: 1/37 [poisoned by an adder]
   248 | Sewer    | Entered a sewer
   248 | Sewer    | Succumbed to an adder's poison

Illustrated notes

Levels and vault maps discovered:
D:3:      layout_rooms, lemuel_doored_altar, lightli_sewer_entry_pipes
D:4:      layout_rooms, nzn_hepliaklqana_mist_gate, minmay_snake_closets
D:5:      layout_loops_corners, chequers_arboretum, serial_bayou_lake_a
Sewer:    sewer_co_scattered_pipes

Skill      XL: |  1  2  3  4 |
---------------+-------------+-----
Stealth        | 7 |  7.5
Long Blades    | 3 |  3.1
Dodging        | 3 |  3.1
Fighting       | |  3.9

Action                     |  1- 3 |  4- 6 || total
---------------------------+-------+-------++-------
  Melee: Falchion          |     4 |    32 ||    36
         Constrict         |     1 |     8 ||     9
         Tentacles         |     1 |     9 ||    10
    Use: Scroll            |       |     1 ||     1
         Potion            |       |     1 ||     1
   Stab: Sleeping          |       |     6 ||     6
 Armour: Skin              |       |     1 ||     1
  Dodge: Dodged            |     4 |    15 ||    19

Table legend: (Time is in decaauts)
 A = Elapsed time spent in this place.
 B = Non-inter-level travel time spent in this place.
 C = Inter-level travel time spent in this place.
 D = Time resting spent in this place.
 E = Time spent auto-exploring this place.
 F = Levels seen in this place.
 G = Mean time per level.
                   A        B        C        D        E       F      G
               +--------+--------+--------+--------+--------+-----+--------+
         Total |    249 |    249 |      0 |     13 |    105 |   4 |   62.2 |
       Dungeon |    249 |    249 |      0 |     13 |    105 |   3 |   83.0 |
         Sewer |      0 |      0 |      0 |      0 |      0 |   1 |    0.0 |
               +--------+--------+--------+--------+--------+-----+--------+

Top non-repeatable levels by time:
     D:5: 149 daAuts
     D:3: 94 daAuts
     D:4: 5 daAuts
